 Dungeon Crawl Stone Soup version 0.27-a0-1595-g0b823d0a13 (webtiles) character file.

Game seed: 4321582361619944397

261 robertstho the Skirmisher (level 5, -3/63 HPs)
             Began as a Demonspawn Abyssal Knight on July 20, 2021.
             Was a Believer of Lugonu.
             Slain by a gnoll (6 damage)
             ... on level 3 of the Dungeon.
             The game lasted 00:03:05 (2854 turns).

robertstho the Skirmisher (DsAK)                    Turns: 2854, Time: 00:03:05

Health: -3/63      AC:  4    Str: 13    XL:     5   Next: 96%
Magic:  6/7        EV: 11    Int: 13    God:    Lugonu [**....]
Gold:   72         SH:  0    Dex: 13    Spells: 4/4 levels left

rFire    . . .     SeeInvis .   a - +1 spear
rCold    . . .     Faith    .   (no shield)
rNeg     . . .     Spirit   .   b - +0 leather armour
rPois    .         Reflect  .   (no helmet)
rElec    .         Harm     .   i - +0 cloak
rCorr    .         Rampage  .   (no gloves)
Will     .....                  (no boots)
Stlth    ..........             (no amulet)
HPRegen  0.20/turn              (no ring)
MPRegen  0.10/turn              (no ring)

@: berserking (expiring), weak-willed, very quick
A: claws 1, foul stench 3
a: Renounce Religion, Depart the Abyss, Bend Space


You were on level 3 of the Dungeon.
You worshipped Lugonu.
Lugonu was pleased with you.
You visited 1 branch of the dungeon, and saw 3 of its levels.
You visited the Abyss 1 time.

You collected 72 gold pieces.

Inventory:

Hand Weapons
 a - a +1 spear (weapon)
Armour
 b - a +0 leather armour (worn)
 i - a +0 cloak (worn)
Scrolls
 c - 2 scrolls of vulnerability
 e - a scroll of fog {unknown}
 f - 6 scrolls of identify {unknown}
 g - 3 scrolls of noise {unknown}
Potions
 d - a potion of degeneration
 h - a potion of berserk rage
 j - a potion of resistance {unknown}
 k - a potion of haste {unknown}
 l - a potion of heal wounds {unknown}


   Skills:
 * Level 4.2 Fighting
 + Level 4.2 Polearms
 * Level 2.4 Armour
 + Level 1.5 Dodging
 + Level 0.7 Stealth
 * Level 2.8 Invocations


You had 4 spell levels left.
You didn't know any spells.
Your spell library contained the following spells:

 Spells                   Type           Power      Damage    Failure   Level
 Gell's Gravitas          Tloc           0%         N/A       75%         3
 Lesser Beckoning         Tloc           0%         N/A       75%         3
 Teleport Other           Tloc           0%         N/A       75%         3


Dungeon Overview and Level Annotations

Branches:
Dungeon (3/15)

Altars:
Okawaru


Innate Abilities, Weirdness & Mutations

You have sharp fingernails.
You frequently emit foul miasma when damaged in melee.


Message History

It was a potion of berserk rage.
A red film seems to cover your vision as you go berserk!
You feel yourself moving faster!
You feel mighty! The rat barely misses you. The gnoll barely misses you.
You hit the rat.
You kill the rat!
Lugonu accepts your kill. The gnoll barely misses you.
You puncture the gnoll!
You kill the gnoll!
Lugonu accepts your kill. The bat barely misses you. x2
You closely miss the gnoll. The bat closely misses you. The bat hits you.
* * * LOW HITPOINT WARNING * * *
You emit a cloud of foul miasma!
You completely miss the gnoll.
The bat is engulfed in dark miasma.
The bat is poisoned.
The bat closely misses you.
The bat is engulfed in dark miasma.
The bat looks even sicker.
The bat closely misses you. The gnoll hits you with a +0 whip.
* * * LOW HITPOINT WARNING * * *
The gnoll hits you from afar with a +0 spear.
* * * LOW HITPOINT WARNING * * *
You barely miss the gnoll.
The bat is engulfed in dark miasma.
The bat looks even sicker.
The bat closely misses you.
The bat is engulfed in dark miasma.
The bat looks as sick as possible!
You kill the bat!
Lugonu accepts your kill.
You puncture the gnoll!
The gnoll is severely wounded.
The gnoll hits you with a +0 whip.
* * * LOW HITPOINT WARNING * * *
The gnoll closely misses you.
You barely miss the gnoll.
The gnoll is severely wounded.
The gnoll barely misses you.
You hit the gnoll.
You kill the gnoll!
Lugonu accepts your kill.
The gnoll hits you from afar with a +0 spear.
You die...

#g.....##### #.##........
#.##.#.##### #.##'#.#
#......# . # ##....g## ##
.. ## ##.......## #.#.#
.####.........####....#.#
....'.........g)@☼g......
.####.........####.......
##########...## #..##.#
##....(..#..## #.#
##8.....8#.## .#
.#.......### . .#8.....8#
# .#.......# .#8.....8###


You could see a gnoll (weak-willed) and a goblin (weak-willed).

Vanquished Creatures
  A black bear (D:3)
  7 gnolls
  An adder (D:3)
  2 worms (D:2)
  4 dart slugs
  An orc (D:3)
  7 bats
  5 endoplasms
  4 giant cockroaches
  13 goblins
  5 hobgoblins
  9 jackals (D:1)
  4 quokkas
  5 ball pythons
  4 frilled lizards
  4 kobolds
  6 rats
82 creatures vanquished.

Vanquished Creatures (others)
  5 plants (D:1)
5 creatures vanquished.

Grand Total: 87 creatures vanquished

Notes
Turn   | Place    | Note
-------+----------+-------------------------------------------
     0 | Abyss:1  | robertstho the Demonspawn Abyssal Knight began the quest
                  | for the Orb.
     0 | Abyss:1  | Reached XP level 1. HP: 18/18 MP: 2/2
    16 | Abyss:1  | Noticed a small abomination
    17 | D:1      | Escaped the Abyss
    80 | D:1      | Reached * piety under Lugonu
   158 | D:1      | Reached skill level 1 in Dodging
   195 | D:1      | Gained mutation: You may rarely emit foul miasma when
                  | damaged in melee. [demonic ancestry]
   195 | D:1      | Reached XP level 2. HP: 24/24 MP: 3/3
   545 | D:1      | Found a faded altar of an unknown god.
   805 | D:1      | Gained mutation: You sometimes emit foul miasma when
                  | damaged in melee. [demonic ancestry]
   805 | D:1      | Reached XP level 3. HP: 14/29 MP: 4/4
  1433 | D:2      | Gained mutation: You frequently emit foul miasma when
                  | damaged in melee. [demonic ancestry]
  1433 | D:2      | Reached XP level 4. HP: 14/37 MP: 5/5
  1840 | D:2      | Reached ** piety under Lugonu
  2423 | D:3      | Found an iron altar of Okawaru.
  2433 | D:3      | Noticed a black bear
  2440 | D:3      | Killed a black bear
  2441 | D:3      | Gained mutation: You have sharp fingernails. [demonic
                  | ancestry]
  2441 | D:3      | Reached XP level 5. HP: 41/42 MP: 6/6
  2852 | D:3      | HP: 2/63 [gnoll (4)]
  2854 | D:3      | Slain by a gnoll

Illustrated notes

Levels and vault maps discovered:
D:1:      eino_arrival_water_cross, layout_loops_ring,
          chequers_ecumenical_altar_island
D:2:      layout_rooms, minmay_heptomino_w4
D:3:      kennysheep_the_goblin_king, layout_loops_corners,
          okawaru_metal_pillars_1_2

Skill      XL: |  1  2  3  4 |
---------------+-------------+-----
Dodging        | 1 |  1.5
Polearms       | 2 4 |  4.2
Armour         | 2 |  2.4
Fighting       | 4 |  4.2
Stealth        | |  0.7
Invocations    | |  2.8

Action                   |  1- 3 |  4- 6 || total
-------------------------+-------+-------++-------
Melee: Spear             |   148 |   124 ||   272
Invok: Depart the Abyss  |     1 |       ||     1
  Use: Potion            |     4 |     1 ||     5
       Scroll            |       |     1 ||     1
 Stab: Sleeping          |       |     1 ||     1
Armor: Leather armour    |    46 |    21 ||    67
Dodge: Dodged            |    74 |    54 ||   128

Table legend: (Time is in decaauts)
 A = Elapsed time spent in this place.
 B = Non-inter-level travel time spent in this place.
 C = Inter-level travel time spent in this place.
 D = Time resting spent in this place.
 E = Time spent auto-exploring this place.
 F = Levels seen in this place.
 G = Mean time per level.
                   A        B        C        D        E       F      G
               +--------+--------+--------+--------+--------+-----+--------+
         Total |   2844 |   2806 |     38 |      0 |   2313 |   4 |  711.0 |
       Dungeon |   2827 |   2789 |     38 |      0 |   2313 |   3 |  942.3 |
         Abyss |     17 |     17 |      0 |      0 |      0 |   1 |   17.0 |
               +--------+--------+--------+--------+--------+-----+--------+

Top non-repeatable levels by time:
     D:1: 1246 daAuts
     D:2: 903 daAuts
     D:3: 677 daAuts
 Abyss:1: 17 daAuts
